cohdb
Replays
Latest Replays
All Replays
Popular Replays
Top Player Replays
Match Explorer
How It Works
Community
CoH3 Stats
Reddit
Sign in to upload your games and track your stats! →
Sign in with Steam
Match 42936209
Unlisted
Match 42936209
Overview
Messages
Build Orders
End
Construct Infanterie Kompanie
Kettenkrad Recon Vehicle
MG 42 Machine Gun Team
Grenadier Squad
Grenadier Squad
Grenadier Squad
Construct Luftwaffe Kompanie
Selects Breakthrough Battlegroup
Selects Assault Grenadiers
Selects Rapid Production
Pioneer Squad
Support Elements
221 Scout Car
Medical Bunker
Selects Breakthrough
Marder III M Tank Destroyer
Flak 30 Anti-aircraft Gun Team
Luftwaffe Officer Quarters
Pioneer Squad
Wirbelwind Flakpanzer
Marder III M Tank Destroyer
Pioneer Squad
Marder III M Tank Destroyer
Selects Blitzkrieg
Selects Tiger Heavy Tank
Jäger Squad
Tiger Heavy Tank
Selects Incendiary Bombing Run
MG 42 Machine Gun Team
Breakthrough
Pioneer Squad
Incendiary Bombing Run
Incendiary Bombing Run
Marder III M Tank Destroyer
Incendiary Bombing Run
Incendiary Bombing Run
Tiger Heavy Tank
ehduq0425kdy
ren:o
0
0
Comments
sign in to comment!
No comments posted yet!